 Dungeon Crawl Stone Soup version 0.23-a0-767-gdc19b93d68 (webtiles) character file.

68 Hercules1031 the Skirmisher (level 4, 0/35 HPs)
             Began as a Demonspawn Monk on Jan 26, 2019.
             Succumbed to a scorpion's poison
             ... on level 2 of the Dungeon.
             The game lasted 00:03:13 (1273 turns).

Hercules1031 the Skirmisher (Demonspawn Monk)       Turns: 1273, Time: 00:03:13

Health: 0/35       AC:  3    Str: 12    XL:     4   Next: 1%
Magic:  4/4        EV: 21    Int: 11    God:
Gold:   71         SH:  3    Dex: 21    Spells: 3/3 levels left

rFire    . . .     SeeInvis .   a - +0 hand axe
rCold    . . .     Gourm    .   (no shield)
rNeg     . . .     Faith    .   f - +0 leather armour
rPois    .         Spirit   .   (no helmet)
rElec    .         Reflect  +   (no cloak)
rCorr    .         Harm     .   (no gloves)
MR       .....                  (no boots)
Stlth    +++.......             d - +3 amulet of reflection
HPRegen  0.11/turn              (no ring)
MPRegen  0.09/turn              (no ring)

@: agile, lethally poisoned (0 -> -4)
A: repulsion field 2
a: no special abilities


You were on level 2 of the Dungeon.
You were not hungry.

You visited 1 branch of the dungeon, and saw 2 of its levels.

You collected 71 gold pieces.

Inventory:

Hand Weapons
 a - a +0 hand axe (weapon)
Armour
 b - a +0 robe
 f - a +0 leather armour (worn)
 i - a +0 chain mail
Jewellery
 d - a +3 amulet of reflection (around neck)
 j - a +3 ring of strength {unknown}
Scrolls
 e - a scroll of remove curse {unknown}
Potions
 h - a potion of lignification
Comestibles
 c - a ration


   Skills:
 + Level 3.5 Fighting
 + Level 3.2 Axes
 + Level 1.4 Armour
 + Level 3.2 Dodging
 - Level 1.7 Stealth


You had 3 spell levels left.
You didn't know any spells.
Your spell library was empty.

Dungeon Overview and Level Annotations

Branches:
Dungeon (2/15)

Altars:


Innate Abilities, Weirdness & Mutations

You are surrounded by a moderate repulsion field. (EV +3)


Message History

The scorpion poisons you!
You feel agile all of a sudden.
* * * LOW HITPOINT WARNING * * *
You feel sick. The scorpion closely misses you.
You hit the scorpion.
You kill the scorpion!
Your Axes skill increases to level 3!
Your Armour skill increases to level 1!
Your Dodging skill increases to level 3!
You have reached level 3!
Your experience leads to an increase in your attributes!
Your base attributes are Str 11, Int 11, Dex 15.
Increase (S)trength, (I)ntelligence, or (D)exterity?
You feel stronger.
You have reached level 4!
You feel agile.
Your demonic ancestry asserts itself...
Your repulsive radiation grows stronger.
* * * LOW HITPOINT WARNING * * *
You feel sick.
You see here a scorpion corpse.
You die...

♣♣P.♣♣♣###.## ♣....♣♣♣
#.# ♣♣.P.P.♣♣#.#
♣♣.P...♣#.##
♣P...PP♣...#
♣♣♣.♣.♣♣..<. #.♣♣.♣.....
##############.##.......
.......@†......#####.†.#
.############### ##.##
#.# #.# #.. #.# .>.


There were no monsters in sight!

Vanquished Creatures
  A scorpion (D:2)
  An ooze (D:2)
  A dart slug (D:1)
  A bat (D:1)
  3 giant cockroaches
  A hobgoblin (D:1)
  A ball python (D:1)
  6 frilled lizards
  3 rats (D:1)
18 creatures vanquished.

Vanquished Creatures (others)
  A goblin (D:2)
1 creature vanquished.

Grand Total: 19 creatures vanquished

Notes
Turn   | Place    | Note
-------+----------+-------------------------------------------
     0 | D:1      | Hercules1031 the Demonspawn Monk began the quest for the
                  | Orb.
     0 | D:1      | Reached XP level 1. HP: 18/18 MP: 1/1
   278 | D:1      | Gained mutation: You are surrounded by a mild repulsion
                  | field. (EV +2) [demonic ancestry]
   278 | D:1      | Reached XP level 2. HP: 10/24 MP: 2/2
  1246 | D:2      | Noticed a scorpion
  1270 | D:2      | HP: 1/24 [poisoned by a scorpion]
  1271 | D:2      | Killed a scorpion
  1271 | D:2      | Reached skill level 1 in Armour
  1271 | D:2      | Reached XP level 3. HP: 2/29 MP: 3/3
  1271 | D:2      | Gained mutation: You are surrounded by a moderate repulsion
                  | field. (EV +3) [demonic ancestry]
  1271 | D:2      | Reached XP level 4. HP: 2/35 MP: 4/4
  1273 | D:2      | Succumbed to a scorpion's poison

Vault maps used:
D:1:      minmay_arrival_hallway, serial_co_window_serial, co_window_corner_a,
          co_window_corner_a, co_window_paths_b, co_window_paths_a,
          co_window_paths_a, co_window_paths_c, co_window_corner_ca,
          co_window_unsneaky_path_a, co_window_broadway_c, co_window_4corner_a,
          glass_columns_a
D:2:      fiery_altar_vehumet, grunt_qazlal_sundering, serial_forest,
          infiniplex_forest_lined_2, infiniplex_forest_clump_small,
          infiniplex_forest_diagonal, infiniplex_forest_clump_curved,
          infiniplex_forest_end_double, infiniplex_forest_clump_long,
          eino_tiny_chamber, uniq_robin, uniq_sigmund

Skill      XL: |  1  2 |
---------------+-------+-----
Axes           | 3 |  3.2
Armour         | 1 |  1.4
Dodging        | 3 |  3.2
Fighting       | |  3.5
Stealth        | |  1.7

Action                   |  1- 3 |  4- 6 || total
-------------------------+-------+-------++-------
Melee: Hand axe          |    92 |       ||    92
  Use: Potion            |     3 |       ||     3
 Stab: Sleeping          |     2 |       ||     2
  Eat: Ration            |     1 |       ||     1
Armor: Robe              |     6 |       ||     6
       Leather armour    |     7 |       ||     7
Dodge: Dodged            |    70 |       ||    70
Block: Other             |     9 |       ||     9

Table legend:
 A = Non-vault XP
 B = Vault XP
 C = Vault XP percentage of total XP
 D = Non-vault monster count
 E = Vault monster count
 F = Vault count percentage of total count
                 A         B        C        D         E       F
            +---------+---------+-------+---------+---------+-------
      Total |      98 |       0 |   0.0 |      18 |       0 |   0.0
            +---------+---------+-------+---------+---------+-------
        D:1 |      17 |       0 |   0.0 |      11 |       0 |   0.0
        D:2 |      81 |       0 |   0.0 |       7 |       0 |   0.0
            +---------+---------+-------+---------+---------+-------
